 Dungeon Crawl Stone Soup version 0.19.0-2-gae57169 (webtiles) character file.

114 Leybi the Skirmisher (level 4, -1/41 HPs)
             Began as a Minotaur Fighter on Nov 5, 2016.
             Was an Initiate of Okawaru.
             Shot with a stone by a goblin (4 damage)
             ... on level 3 of the Dungeon.
             The game lasted 00:04:54 (1647 turns).

Leybi the Skirmisher (Minotaur Fighter)             Turns: 1647, Time: 00:04:56

Health: -1/41      AC:  7    Str: 26    XL:     4   Next: 66%
Magic:  3/3        EV:  7    Int:  5    God:    Okawaru [......]
Gold:   204        SH: 10    Dex: 10    Spells: 0 memorised, 3 levels left

rFire  . . .     SeeInvis .     a - +0 war axe
rCold  . . .     Gourm    .     b - +0 scale mail
rNeg   . . .     Faith    .     c - +0 shield
rPois  .         Spirit   .     (helmet restricted)
rElec  .         Reflect  .     (no cloak)
rCorr  .         Harm     .     (no gloves)
MR     .....                    (no boots)
Stlth  ..........               (no amulet)
                                (no ring)
                                (no ring)

@: mighty, lethally poisoned (-1 -> -3)
A: retaliatory headbutt, horns 2
a: Renounce Religion


You were on level 3 of the Dungeon.
You worshipped Okawaru.
Okawaru was noncommittal.
You were not hungry.

You visited 1 branch of the dungeon, and saw 3 of its levels.

You collected 204 gold pieces.

Inventory:

Hand Weapons
 a - a +0 war axe (weapon)
Armour
 b - a +0 scale mail (worn)
 c - a +0 shield (worn)
Jewellery
 l - an uncursed ring of wizardry {unknown}
Scrolls
 j - a scroll of magic mapping {unknown}
 k - a scroll of remove curse {unknown}
 o - a scroll of recharging {unknown}
 p - 2 scrolls of identify {unknown}
 s - a scroll of enchant weapon {unknown}
 t - a scroll of teleportation {unknown}
 u - a scroll of enchant armour {unknown}
Potions
 e - a potion of cure mutation {unknown}
 g - a potion of haste {unknown}
 h - a potion of agility {unknown}
 i - a potion of resistance {unknown}
 q - a potion of berserk rage {unknown}
 r - a potion of degeneration {unknown}
Comestibles
 f - 3 bread rations
 m - a royal jelly
 n - 5 chunks of flesh


   Skills:
 + Level 4.8 Fighting
 + Level 4.0 Axes
 + Level 4.7 Armour
 - Level 3.6 Shields


You had 3 spell levels left.
You didn't know any spells.

Dungeon Overview and Level Annotations

Branches:
Dungeon (3/15)

Altars:
Elyvilon
Okawaru
Yredelemnul


Innate Abilities, Weirdness & Mutations

You reflexively headbutt those who attack you in melee.
You have a pair of horns on your head.


Message History

The orc hits you with a dagger.
* * * LOW HITPOINT WARNING * * *
You hit the orc.
You kill the orc!
Okawaru accepts your kill.
Your Axes skill increases to level 4!
You hit the orc. The orc hits you but does no damage.
You feel very mighty all of a sudden. The orc hits you with a hand axe.
* * * LOW HITPOINT WARNING * * *
A goblin comes into view.
The goblin shouts!
You slash the orc!
You kill the orc!
Okawaru accepts your kill.
You feel sick.
The goblin wields a hunting sling.
The goblin shoots a stone.
The stone hits you.
* * * LOW HITPOINT WARNING * * *
The goblin shoots a stone.
The stone hits you.
You die...

# ##.##.## # #..##..#
###.####.# ....####.#
#........##
...#####..#
#..#####..## #####.#
##....##...#####)))..#
#.##.####....##@#####
#.##..####...##)#
#.###..# ##.....# ##.#
##.## #....##
...####..###.#.g.##
..........##.##....#
.######.#............
.######..#...##...#...
...........#...)....#.


You could see a goblin.

Vanquished Creatures
  A bullfrog skeleton (D:3)
  Robin (D:3)
  An adder (D:3)
  An ooze (D:1)
  2 dart slugs
  2 orcs (D:3)
  3 giant cockroaches
  7 goblins
  7 hobgoblins
  4 jackals
  A quokka (D:3)
  A ball python (D:3)
  5 bats
  4 frilled lizards
  7 kobolds (D:1)
  10 rats
57 creatures vanquished.

Notes
Turn   | Place    | Note
-------+----------+-------------------------------------------
     0 | D:1      | Leybi the Minotaur Fighter began the quest for the Orb.
     0 | D:1      | Reached XP level 1. HP: 19/19 MP: 0/0
   295 | D:1      | Reached XP level 2. HP: 27/27 MP: 1/1
   556 | D:1      | Reached XP level 3. HP: 31/33 MP: 2/2
  1219 | D:2      | Found a basalt altar of Yredelemnul.
  1222 | D:2      | Found a white marble altar of Elyvilon.
  1225 | D:2      | Found an iron altar of Okawaru.
  1231 | D:2      | Became a worshipper of Warmaster Okawaru
  1419 | D:3      | Reached XP level 4. HP: 35/41 MP: 3/3
  1621 | D:3      | Noticed Robin
  1631 | D:3      | Killed Robin
  1647 | D:3      | Shot with a stone by a goblin

Skill      XL: |  1  2  3  4 |
---------------+-------------+-----
Fighting       | 4 |  4.8
Armour         | 4 |  4.7
Axes           | 3 4 |  4.0
Shields        | |  3.6

Action                   |  1- 3 |  4- 6 || total
-------------------------+-------+-------++-------
Melee: War axe           |   123 |    26 ||   149
       Headbutt          |    13 |     4 ||    17
  Use: Potion            |       |     1 ||     1
  Eat: Chunk             |     2 |     1 ||     3
Armor: Scale mail        |    52 |     9 ||    61
Dodge: Dodged            |    46 |     5 ||    51
Block: Shield            |    75 |    13 ||    88
